 Dungeon Crawl Stone Soup version 0.19-a0-1896-g611e798 (webtiles) character file.

450 Naow the Sneak (level 6, -8/28 HPs)
             Began as a Spriggan Enchanter on Oct 19, 2016.
             Killed by divine providence
             ... invoked by an orc priest
              (15 damage)
             ... on level 4 of the Dungeon.
             The game lasted 00:06:03 (3849 turns).

Naow the Sneak (Spriggan Enchanter)                 Turns: 3849, Time: 00:06:04

Health: -8/28      AC:  3    Str:  4    XL:     6   Next: 74%
Magic:  8/14       EV: 21    Int: 17    God:
Gold:   183        SH:  0    Dex: 18    Spells: 2 memorised, 11 levels left

rFire  . . .     SeeInvis +     a - +1 dagger
rCold  . . .     Gourm    .     b - +1 robe
rNeg   . . .     Faith    .     (shield restricted)
rPois  .         Spirit   .     (helmet restricted)
rElec  .         Reflect  .     (no cloak)
rCorr  .         Harm     .     (gloves unavailable)
MR     +....                    (boots unavailable)
Stlth  ++++......               (no amulet)
                                (no ring)
                                (no ring)

@: very quick
A: unfitting armour, see invisible, herbivore 3, speed 3, slow metabolism 2
a: no special abilities


You were on level 4 of the Dungeon.
You were not hungry.

You visited 1 branch of the dungeon, and saw 4 of its levels.

You collected 183 gold pieces.

Inventory:

Hand Weapons
 a - a +1 dagger (weapon)
Armour
 b - a +1 robe (worn)
Jewellery
 s - a cursed ring of loudness {unknown}
 t - an uncursed ring of resist corrosion {unknown}
Wands
 k - a wand of polymorph (15/24)
Scrolls
 g - 3 scrolls of identify {unknown}
 h - a scroll of blinking {unknown}
 i - a scroll of teleportation {unknown}
 j - a scroll of fog {unknown}
 l - 2 scrolls of amnesia {unknown}
 m - a scroll of recharging {unknown}
 o - a scroll of magic mapping {unknown}
 p - a scroll of enchant weapon {unknown}
 v - a scroll of remove curse {unknown}
Potions
 e - 5 potions of flight {unknown}
 f - 3 potions of brilliance {unknown}
 n - a potion of heal wounds {unknown}
 q - a potion of lignification {unknown}
 r - a potion of curing {unknown}
 u - a potion of invisibility {unknown}
Books
 c - a book of Maledictions

   Spells                             Type                      Level
   a - Corona                         Hexes                        1
   b - Ensorcelled Hibernation        Hexes/Ice                    2
   c - Confuse                        Hexes                        3
   d - Tukima's Dance                 Hexes                        3
   e - Dazzling Spray                 Conjuration/Hexes            3
Comestibles
 d - a bread ration


   Skills:
 + Level 2.9 Short Blades
 + Level 5.0 Dodging
 + Level 7.0 Stealth
 + Level 4.8 Spellcasting
 + Level 5.3 Hexes


You had 11 spell levels left.
You knew the following spells:

 Your Spells              Type           Power        Failure   Level  Hunger
a - Corona                Hex            ###....      1%          1    None
b - Ensorcelled Hibernat  Hex/Ice        ##....       10%         2    #......


Dungeon Overview and Level Annotations

Branches:
Dungeon (4/15)
 Temple: D:4-7

Altars:
Cheibriados
Ru
Sif Muna
The Shining One

Shops:
D:4 ([%


Innate Abilities, Weirdness & Mutations

You are very small and have problems with some larger weapons.
You are too small for most types of armour.
You have supernaturally acute eyesight. (SInv)
You are a herbivore.
You cover ground extremely quickly.
You need consume almost no food.


Message History

Ouch! That really hurt!
* * * LOW HITPOINT WARNING * * *
There is a stone staircase leading up, spattered with blood here.
Casting: Ensorcelled Hibernation
Confirm with . or Enter, or press ? or * to list all spells.
Aiming: Ensorcelled Hibernation
Press: ? - help, Shift-Dir - straight line, f - orc priest
Aim: an orc priest, wielding a trident of pain (chance to defeat MR: 44%)
The orc priest resists with some effort.
The orc priest barely misses you.
Casting: Ensorcelled Hibernation
Confirm with . or Enter, or press ? or * to list all spells.
Aiming: Ensorcelled Hibernation
Press: ? - help, Shift-Dir - straight line, f/p - orc priest
Aim: an orc priest, wielding a trident of pain (chance to defeat MR: 44%)
The orc priest resists with some effort.
The orc priest invokes the aid of Beogh against you.
Beogh smites you!
Ouch! That really hurt!
You die...

#.....##..........####...........
.................................
.......#..........######.#.......
(.##.............................
..##............##...#.....######
..####...........................
.[####..........##.#..........##.
.....##.####.#.#...#.#...........
.....##.####.#.#@..#.#<.....#.###
.....##.#...>.o......#.#.#..#.#..
........#.######.....#.#.#..#.#..
........#.##.......#.#.#.#..#.#..
........#.##.#.....#.#.#.#..#.#..
..........# #^#..##.#......#....
..........# #.#...#.#.#.#.######
..........##.#.#.................
....o......... #....####.#.######


You could see an orc priest.

Vanquished Creatures
  An ogre (D:3)
  A scorpion (D:4)
  2 hounds (D:4)
  An orc priest (D:3)
  A bullfrog skeleton (D:4)
  Jessica (D:2)
  Ijyb (D:3)
  2 worker ants (D:4)
  2 adders
  An ooze (D:3)
  2 worms
  2 dart slugs (D:1)
  3 leopard geckos
  4 orcs
  A ball python (D:4)
  4 giant cockroaches
  6 goblins
  7 hobgoblins
  5 jackals (D:4)
  4 kobolds
  5 bats
  5 frilled lizards
  6 rats
67 creatures vanquished.

Notes
Turn   | Place    | Note
-------+----------+-------------------------------------------
     0 | D:1      | Naow the Spriggan Enchanter began the quest for the Orb.
     0 | D:1      | Reached XP level 1. HP: 9/9 MP: 5/5
   178 | D:1      | Reached XP level 2. HP: 5/13 MP: 7/7
   189 | D:1      | Learned a level 2 spell: Ensorcelled Hibernation
   652 | D:1      | Reached XP level 3. HP: 15/16 MP: 8/8
  1019 | D:2      | Found a deep blue altar of Sif Muna.
  1021 | D:2      | Found a snail-covered altar of Cheibriados.
  1252 | D:2      | Noticed Jessica
  1259 | D:2      | Killed Jessica
  1259 | D:2      | Reached skill level 5 in Stealth
  1382 | D:2      | Found a glowing golden altar of the Shining One.
  1387 | D:2      | Reached XP level 4. HP: 20/21 MP: 10/10
  1523 | D:3      | Noticed Ijyb
  1533 | D:3      | Killed Ijyb
  1993 | D:3      | Found a sacrificial altar of Ru.
  2034 | D:3      | Reached XP level 5. HP: 24/24 MP: 12/12
  2575 | D:4      | Reached skill level 6 in Stealth
  2975 | D:4      | Found Waticw Pyach's Food Boutique.
  2981 | D:4      | Found Vup Wong's Armour Boutique.
  3117 | D:4      | Reached skill level 5 in Hexes
  3124 | D:4      | Reached XP level 6. HP: 17/28 MP: 11/13
  3676 | D:4      | Found Gaempapa's Weapon Shop.
  3843 | D:3      | Reached skill level 5 in Dodging
  3843 | D:3      | Reached skill level 7 in Stealth
  3849 | D:4      | Killed from afar by an orc priest

Vault maps used:
D:1:      mrwooster_arrival_statue_3
D:2:      nicolae_tso_swordbearing_angel,
          chequers_temple_overflow_statue_of_worship, uniq_jessica
D:3:      nicolae_ru_sacrificial_ziggurat, uniq_iyjb
D:4:      serial_shops, nicolae_shop_trees, shop, nicolae_shop_stone,
          nicolae_shop_crystal, uniq_eustachio

Skill      XL: |  1  2  3  4  5  6 |
---------------+-------------------+-----
Spellcasting   | 3 4 |  4.8
Hexes          | 4 5 |  5.3
Stealth        | 5 6 7 |  7.0
Short Blades   | 2 |  2.9
Dodging        | 4 5 |  5.0

Action                   |  1- 3 |  4- 6 || total
-------------------------+-------+-------++-------
Melee: Dagger            |   117 |   170 ||   287
 Cast: Ensorcelled Hiber |     1 |    19 ||    20
 Stab: Sleeping          |    11 |    21 ||    32
       Distracted        |     1 |       ||     1
  Eat: Pizza             |       |     1 ||     1
Armor: Robe              |     6 |    11 ||    17
Dodge: Dodged            |    97 |   138 ||   235
